 Dungeon Crawl Stone Soup version 0.21.1 (webtiles) character file.

3352 inmateoo the Slicer (level 10, -6/80 HPs)
             Began as a Gnoll Wanderer on Feb 5, 2018.
             Was a Follower of Ashenzari.
             Mangled by an orc warrior
             ... wielding a +0 hand axe
              (17 damage)
             ... on level 7 of the Dungeon.
             The game lasted 00:13:04 (6230 turns).

inmateoo the Slicer (Gnoll Wanderer)                Turns: 6230, Time: 00:13:05

Health: -6/80      AC:  9    Str: 13    XL:     10   Next: 3%
Magic:  26/26      EV: 20    Int: 22    God:    Ashenzari [*.....]
Gold:   264        SH:  0    Dex: 17    Spells: 18/18 levels left

rFire    + . .     SeeInvis .   s - +4 mace of Thoughtfulness {flame, rPois rN+ MP+9 Dex-4} (curse)
rCold    . . .     Gourm    .   (no shield)
rNeg     + . .     Faith    .   r - +3 leather armour {rF+}
rPois    +         Spirit   .   d - +0 helmet
rElec    .         Reflect  .   t - +0 cloak
rCorr    .         Harm     .   (no gloves)
MR       .....                  (no boots)
Stlth    ++++......             p - amulet of regeneration (curse)
HPRegen  0.63/turn              n - ring of wizardry (curse)
MPRegen  0.20/turn              x - +4 ring of intelligence

@: agile, drained
A: distributed training, fangs 1, strong nose
a: Curse Item, Scrying, Renounce Religion


You were on level 7 of the Dungeon.
You worshipped Ashenzari.
Ashenzari was aware of your devotion.
You were hungry.

You visited 1 branch of the dungeon, and saw 7 of its levels.
You also visited: Sewer.

You collected 264 gold pieces.

Inventory:

Hand Weapons
 a - a +2 short sword
 b - a +0 quarterstaff
 c - a +2 scythe of venom
 q - a +2 hand axe of electrocution
 s - the cursed +4 mace of Thoughtfulness (weapon) {flame, rPois rN+ MP+9 Dex-4}
   (You found it on level 4 of the Dungeon)

   It has been specially enchanted to burn those struck by it, causing extra
   injury to most foes and up to half again as much damage against particularly
   susceptible opponents.
   It affects your dexterity (-4).
   It protects you from poison.
   It protects you from negative energy.
   It affects your magic capacity (+9).
   It has a curse placed upon it.
Armour
 d - a +0 helmet (worn)
 r - a +3 leather armour of fire resistance (worn)
 t - a +0 cloak (worn)
Magical Staves
 w - an uncursed staff of death
Jewellery
 n - a cursed ring of wizardry (left hand)
 p - a cursed amulet of regeneration (around neck)
 x - a +4 ring of intelligence (right hand)
 C - an uncursed ring of ice
Wands
 k - a wand of polymorph (8)
 m - a wand of disintegration (12)
 y - a wand of random effects (33)
Scrolls
 e - 4 scrolls of teleportation
 i - a scroll of enchant weapon
 l - a scroll of fear
 v - a scroll of remove curse
Potions
 j - 3 potions of curing
 o - a potion of haste
 u - 2 potions of flight {unknown}
 z - a potion of heal wounds {unknown}
 B - a potion of brilliance {unknown}
Comestibles
 f - 7 rations
 A - a chunk of flesh


   Skills:
 + Level 8.2(7.9) Fighting
 + Level 8.2(7.9) Short Blades
 + Level 4.7(4.5) Long Blades
 + Level 4.7(4.5) Axes
 + Level 4.7(4.5) Maces & Flails
 + Level 4.7(4.5) Polearms
 + Level 4.7(4.5) Staves
 + Level 4.7(4.5) Slings
 + Level 4.7(4.5) Bows
 + Level 4.7(4.5) Crossbows
 + Level 4.7(4.5) Throwing
 + Level 4.7(4.5) Armour
 + Level 5.4(5.2) Dodging
 + Level 6.4(6.2) Stealth
 + Level 4.7(4.5) Shields
 + Level 5.4(5.2) Unarmed Combat
 + Level 4.7(4.5) Spellcasting
 + Level 3.9(3.7) Conjurations
 + Level 3.9(3.7) Hexes
 + Level 3.9(3.7) Charms
 + Level 3.9(3.7) Summonings
 + Level 3.9(3.7) Necromancy
 + Level 3.9(3.7) Translocations
 + Level 3.9(3.7) Transmutations
 + Level 3.9(3.7) Fire Magic
 + Level 3.9(3.7) Ice Magic
 + Level 3.9(3.7) Air Magic
 + Level 3.9(3.7) Earth Magic
 + Level 3.9(3.7) Poison Magic
 + Level 5.2(5.0) Invocations
 + Level 4.7(4.5) Evocations


You had 18 spell levels left.
You didn't know any spells.

Dungeon Overview and Level Annotations

Branches:
Dungeon (7/15)             Temple (0/1) D:5

Altars:
Ashenzari
Elyvilon
Gozag
Kikubaaqudgha
Ru
Trog

Shops:
D:5 [

Annotations:
D:5 shakethe's ghost, amateur MiFi


Innate Abilities, Weirdness & Mutations

Your experience applies equally to all skills.
You have very sharp teeth.
Your uncanny sense of smell can sniff out nearby items.


Message History

* * * LOW HITPOINT WARNING * * *
You hit the orc warrior but do no damage.
The orc warrior is severely wounded.
The orc warrior misses you.
You hit the orc warrior but do no damage.
The orc warrior is severely wounded.
The orc warrior barely misses you.
You hit the orc warrior. You burn the orc warrior.
Your bite misses the orc warrior.
The orc warrior is almost dead.
The orc warrior barely misses you.
You hit the orc warrior but do no damage.
You bite the orc warrior, but do no damage.
The orc warrior is almost dead.
The orc warrior hits you with a hand axe!
* * * LOW HITPOINT WARNING * * *
You hit the orc warrior but do no damage.
The orc warrior is almost dead.
The orc warrior hits you with a hand axe!
You die...

.[.................#
#####+##########..##
# ##..# ####.. ∆
#..# ...... .. #..##
###... ....####...#
. ....'..{...#
....###o#..## .
#@#...# #.#...#
#.#.#.##### ∆
#.#...>)..#
#.####.##.# ... ..#
#.# ##.# #.# ..# #.#
∆


You could see an orc warrior.

Vanquished Creatures
  Pikel (D:6)
  The ghost of shakethe the Chopper, an amateur MiFi (D:3)
  The ghost of letownia3 the Conjurer, an amateur DsWz of Gozag (D:4)
  Grinder (D:6)
  Sigmund (D:2)
  Eustachio (D:6)
  A human (D:5)
  A black bear (D:7)
  An ice beast (D:4)
  A slave (D:6)
  2 ogres
  2 centaurs
  2 big kobolds
  2 bullfrogs
  2 scorpions
  5 wights (D:7)
  A crimson imp (D:7)
  A bullfrog zombie (D:6)
  A jelly (D:6)
  A hound (D:6)
  An orc priest (D:6)
  Crazy Yiuf (D:4)
  A bullfrog skeleton (D:6)
  An iguana (D:4)
  5 orc wizards
  2 worker ants
  A killer bee zombie (D:5)
  A hound skeleton (D:5)
  A worker ant zombie (D:5)
  11 adders
  A gnoll (D:1)
  5 river rats
  A shadow imp (D:5)
  An adder zombie (D:5)
  2 worms
  3 dart slugs
  4 leopard geckos
  12 orcs
  2 ball pythons
  7 giant cockroaches
  4 goblins
  6 hobgoblins
  6 jackals
  10 bats
  2 frilled lizards
  11 kobolds
  A leopard gecko skeleton (D:4)
  16 rats
  4 fungi (D:4)
152 creatures vanquished.

Vanquished Creatures (others)
  A centaur (D:6)
1 creature vanquished.

Grand Total: 153 creatures vanquished

Notes
Turn   | Place    | Note
-------+----------+-------------------------------------------
     0 | D:1      | inmateoo the Gnoll Wanderer began the quest for the Orb.
     0 | D:1      | inmateoo set off with: a +2 short sword, a +0 quarterstaff, a potion of lignification, a +0 robe, a +0 dagger, a ration
     0 | D:1      | Reached XP level 1. HP: 23/23 MP: 1/1
   142 | D:1      | Reached XP level 2. HP: 29/29 MP: 2/2
   420 | D:1      | Reached XP level 3. HP: 35/35 MP: 3/3
   577 | D:1      | Reached skill level 1 in Invocations
   990 | D:2      | Reached skill level 1 in Long Blades
   990 | D:2      | Reached skill level 1 in Axes
   990 | D:2      | Reached skill level 1 in Maces & Flails
   990 | D:2      | Reached skill level 1 in Polearms
   990 | D:2      | Reached skill level 1 in Staves
   990 | D:2      | Reached skill level 1 in Slings
   990 | D:2      | Reached skill level 1 in Bows
   990 | D:2      | Reached skill level 1 in Crossbows
   990 | D:2      | Reached skill level 1 in Throwing
   990 | D:2      | Reached skill level 1 in Armour
   990 | D:2      | Reached skill level 1 in Shields
   990 | D:2      | Reached skill level 1 in Spellcasting
   990 | D:2      | Reached skill level 1 in Evocations
  1120 | D:2      | Reached XP level 4. HP: 41/41 MP: 5/5
  1192 | D:2      | Noticed Sigmund
  1214 | D:2      | Killed Sigmund
  1214 | D:2      | Reached skill level 1 in Conjurations
  1214 | D:2      | Reached skill level 1 in Hexes
  1214 | D:2      | Reached skill level 1 in Charms
  1214 | D:2      | Reached skill level 1 in Summonings
  1214 | D:2      | Reached skill level 1 in Necromancy
  1214 | D:2      | Reached skill level 1 in Translocations
  1214 | D:2      | Reached skill level 1 in Transmutations
  1214 | D:2      | Reached skill level 1 in Fire Magic
  1214 | D:2      | Reached skill level 1 in Ice Magic
  1214 | D:2      | Reached skill level 1 in Air Magic
  1214 | D:2      | Reached skill level 1 in Earth Magic
  1214 | D:2      | Reached skill level 1 in Poison Magic
  1214 | D:2      | Reached XP level 5. HP: 42/47 MP: 5/7
  1369 | D:2      | Reached XP level 6. HP: 33/53 MP: 8/8
  2248 | D:3      | Noticed shakethe's ghost (amateur MiFi)
  2252 | D:4      | Noticed an ice beast
  2344 | D:4      | Noticed letownia3's ghost (amateur DsWz)
  2349 | D:4      | Killed letownia3's ghost
  2349 | D:4      | Reached XP level 7. HP: 60/60 MP: 8/10
  2388 | D:4      | HP: 2/60 [ice beast (5)]
  2677 | D:3      | Killed shakethe's ghost
  2677 | D:3      | Reached skill level 5 in Stealth
  2677 | D:3      | Reached XP level 8. HP: 43/67 MP: 10/12
  3053 | D:4      | Found a shattered altar of Ashenzari.
  3068 | D:4      | Became a worshipper of Ashenzari the Shackled
  3445 | D:4      | Found a runed door.
  3449 | D:4      | Noticed Crazy Yiuf
  3464 | D:4      | Killed Crazy Yiuf
  3484 | D:4      | Got the mace of Thoughtfulness {flame, rPois rN+ MP+9 Dex-4}
  3496 | D:4      | Identified the +4 mace of Thoughtfulness {flame, rPois rN+ MP+9 Dex-4} (You found it on level 4 of the Dungeon)
  3554 | D:5      | Entered Level 5 of the Dungeon
  3554 | D:5      | Noticed shakethe's ghost (amateur MiFi)
  3818 | D:5      | Found a sacrificial altar of Ru.
  3828 | D:5      | Found an opulent altar of Gozag.
  3847 | D:5      | Found a bloodstained altar of Trog.
  3858 | D:5      | Found a white marble altar of Elyvilon.
  3895 | D:5      | Found an ancient bone altar of Kikubaaqudgha.
  3932 | D:5      | Found Divoxol's Armour Emporium.
  3971 | D:5      | Found a staircase to the Ecumenical Temple.
  4812 | D:6      | Identified the cursed +1 war axe of the Badger {antimagic, Dex+6}
  4812 | D:6      | Noticed Eustachio
  5098 | D:6      | Killed Eustachio
  5111 | D:6      | Reached * piety under Ashenzari
  5153 | D:6      | Reached XP level 9. HP: 18/72 MP: 14/14
  5223 | D:6      | Found a glowing drain.
  5230 | Sewer    | Entered a sewer
  5326 | Sewer    | Found a glowing silver altar of Zin.
  5529 | D:6      | Noticed Pikel
  5554 | D:6      | Killed Pikel
  5554 | D:6      | Reached skill level 5 in Dodging
  5554 | D:6      | Reached skill level 5 in Unarmed Combat
  5632 | D:6      | Noticed Grinder
  5642 | D:6      | Killed Grinder
  5904 | D:7      | Reached skill level 5 in Invocations
  6154 | D:7      | Reached XP level 10. HP: 76/80 MP: 17/17
  6230 | D:7      | Mangled by an orc warrior

Skill      XL: |  1  2  3  4  5  6  7  8  9 |
---------------+----------------------------+-----
Invocations    | 1 2 3 4 5 |  5.2
Long Blades    | 1 2 3 4 |  4.7
Axes           | 1 2 3 4 |  4.7
Maces & Flails | 1 2 3 4 |  4.7
Polearms       | 1 2 3 4 |  4.7
Staves         | 1 2 3 4 |  4.7
Slings         | 1 2 3 4 |  4.7
Bows           | 1 2 3 4 |  4.7
Crossbows      | 1 2 3 4 |  4.7
Throwing       | 1 2 3 4 |  4.7
Armour         | 1 2 3 4 |  4.7
Shields        | 1 2 3 4 |  4.7
Spellcasting   | 1 2 3 4 |  4.7
Evocations     | 1 2 3 4 |  4.7
Dodging        | 3 4 5 |  5.4
Unarmed Combat | 3 4 5 |  5.4
Conjurations   | 1 2 3 |  3.9
Hexes          | 1 2 3 |  3.9
Charms         | 1 2 3 |  3.9
Summonings     | 1 2 3 |  3.9
Necromancy     | 1 2 3 |  3.9
Translocations | 1 2 3 |  3.9
Transmutations | 1 2 3 |  3.9
Fire Magic     | 1 2 3 |  3.9
Ice Magic      | 1 2 3 |  3.9
Air Magic      | 1 2 3 |  3.9
Earth Magic    | 1 2 3 |  3.9
Poison Magic   | 1 2 3 |  3.9
Fighting       | 7 8 |  8.2
Short Blades   | 7 8 |  8.2
Stealth        | 5 6 |  6.4

Action                   |  1- 3 |  4- 6 |  7- 9 | 10-12 || total
-------------------------+-------+-------+-------+-------++-------
Melee: Short sword       |    77 |    21 |       |       ||    98
       Bite              |     5 |     3 |    46 |     1 ||    55
       Punch             |     1 |       |     6 |       ||     7
       Scythe            |       |    37 |    14 |       ||    51
       Hand axe          |       |       |    51 |       ||    51
       Mace              |       |       |   346 |    30 ||   376
       Unarmed           |       |       |     7 |       ||     7
Invok: Curse Item        |       |       |     3 |       ||     3
Evoke: Wand              |       |     6 |    18 |       ||    24
  Use: Scroll            |     2 |     4 |     7 |       ||    13
       Potion            |       |     1 |     5 |     3 ||     9
 Stab: Sleeping          |    13 |     6 |    14 |       ||    33
       Distracted        |     1 |     1 |     1 |       ||     3
       Invisible         |       |       |     1 |       ||     1
  Eat: Chunk             |       |     4 |    10 |       ||    14
       Ration            |       |       |     1 |       ||     1
Armor: Robe              |    11 |     7 |    56 |       ||    74
       Skin              |       |     5 |       |       ||     5
       Leather armour    |       |       |    35 |     4 ||    39
Dodge: Dodged            |    43 |    38 |   367 |    18 ||   466
